AoeStats
← ROKETSAN YeniCeri

Arabia

508820429Analyzed
1v1 RM · 7d ago on Sep 24, 2026· 44m 29s· 2 players
Game mode
Random Map
Map size
Tiny (2 player)
Population
200
Speed
Normal
Resources
Standard
Victory
Conquest
Starting age
Dark Age
Ending age
Imperial Age
RankedLock teamsTeams togetherTeam positionsShared explorationLock speedFull tech treeHidden civsTurbo modeCheats
Victory
Defeat
🇩🇪 Turks · Germany
746
+18
🇪🇸 Burgundians · Spain
785
-18
ROKETSAN YeniCeri
0:59 Loom
10:25 Feudal Age
17:49 Castle Age
35:37 Imperial Age
alexfb2002
9:01 Loom
11:50 Feudal Age
11:14 Double-Bit Axe
12:01 Horse Collar
15:26 Bow Saw
19:18 Castle Age
18:12 Stone Mining
18:15 Gold Mining
18:29 Heavy Plow
19:07 Wheelbarrow
18:25 Town Watch
19:15 Wheelbarrow
35:26 Elite Skirmisher
38:28 Scale Barding Armor
38:19 Cavalier
39:42 Chain Barding Armor
39:59 Husbandry
46:04 Imperial Age
Connection lost

Rejoining the realm…

Still unreachable

The connection could not be restored.

Session expired

The server has moved on; the page needs a fresh start.